 Dungeon Crawl Stone Soup version 0.31.0-12-g77e489cdc1 (webtiles) character file.

Game seed: 7767397545787253353

74 Bobsterar the Ruffian (level 4, -5/29 HPs)
             Began as an Octopode Shapeshifter on Mar 7, 2024.
             Slain by a gnoll
             ... wielding a +0 halberd
              (16 damage)
             ... on level 3 of the Dungeon.
             The game lasted 00:03:12 (1792 turns).

Bobsterar the Ruffian (Octopode Shapeshifter)       Turns: 1792, Time: 00:03:13

Health: -5/29      AC:  1    Str: 15    XL:     4   Next: 28%
Magic:  4/4        EV: 13    Int: 12    God:
Gold:   110        SH:  0    Dex: 11    Spells: 3/3 levels left

rFire   . .          .
                       - Unarmed
rCold   . . .        (no shield)
rNeg    . . .        (helmet currently unavailable)
rPois   .            (no amulet)
rElec   .            (no ring)
rCorr   .            (no ring)
SInv    .            (no ring)
Will    .....        (no ring)
Stlth   ++           (no ring)
HPRegen 0.24/turn    (no ring)
MPRegen 0.09/turn    (no ring)
                     (no ring)

%: no passive effects
@: beast-form
A: beast (slay +1), almost no armour, amphibious, 8 rings, camouflage 1,
gelatinous body 1, (nimble swimmer 1), tentacles
a: Begin Untransformation


You were on level 3 of the Dungeon.
You were a hulking beast.
You visited 1 branch of the dungeon, and saw 3 of its levels.

You collected 110 gold pieces.

Inventory:

Armour
 g - a +0 cloak
Talismans
 b - a beast talisman (active)
 c - a flux talisman
Scrolls
 e - a scroll of fog {unknown}
 h - a scroll of revelation {unknown}
 i - a scroll of noise {unknown}
 k - 2 scrolls of enchant armour {unknown}
Potions
 d - a potion of enlightenment


   Skills:
 + Level 2.1 Fighting
 + Level 2.7 Dodging
 + Level 3.5 Unarmed Combat
 + Level 3.4 Shapeshifting


You had 3 spell levels left.
You didn't know any spells.
Your spell library contained the following spells:

 Spells                   Type           Power      Damage    Failure   Level
 Magic Dart               Conj           0%         1d3       32%         1
 Searing Ray              Conj           0%         2d4       45%         2
 Tukima's Dance           Hex            0%         N/A       69%         3
 Animate Dead             Necr           0%         N/A       97%         4
 Fulminant Prism          Conj/Alch      0%         3d5       97%         4
 Passage of Golubria      Tloc           0%         N/A       97%         4
 Yara's Violent Unravell  Hex/Alch       0%         3d3       100%        5
 Haunt                    Necr/Summ      0%         N/A       100%        7
 Infestation              Necr           0%         N/A       100%        8


Dungeon Overview and Level Annotations

Branches:
Dungeon (3/15)

Altars:

Shops:
D:2 (


Innate Abilities, Weirdness & Mutations

You are a hulking beast.
Your limbs bulge with bestial killing power. (Slay +1)
You cannot wear most types of armour.
You are amphibious.
You can wear up to eight rings at the same time.
Your skin changes colour to match your surroundings (Stealth+).
Your rubbery body absorbs attacks. (AC +1, EV +1)
((You are camouflaged when in or above water. (Stealth+)))
You have tentacles for arms and can constrict up to eight enemies at once.


Message History

You are too injured to fight recklessly!
You are too injured to fight recklessly!
You are too injured to fight recklessly!
You are too injured to fight recklessly!
You are too injured to fight recklessly!
You are too injured to fight recklessly!
You feel much better.
The gnoll hits you from afar with a +0 spear.
The gnoll closely misses you.
You tentacle-slap the gnoll. You grab the gnoll. You squeeze the gnoll.
You kill the gnoll!
The gnoll closely misses you.
You have reached level 4!
The gnoll barely misses you. The gnoll barely misses you.
The gnoll hits you from afar with a +0 halberd.
Things that are here:
a +0 spear; a gnoll corpse You barely miss the gnoll.
You grab the gnoll. You constrict the gnoll. The gnoll barely misses you.
The gnoll closely misses you.
You tentacle-slap the gnoll.
The gnoll is heavily wounded.
You constrict the gnoll. The gnoll hits you with a +0 spear.
The gnoll hits you from afar with a +0 halberd.
You bludgeon the gnoll!
You kill the gnoll!
The gnoll throws a throwing net.
The throwing net closely misses you. The gnoll barely misses you.
You see here a +0 spear.
You tentacle-slap the gnoll but do no damage.
You grab the gnoll. You constrict the gnoll. The gnoll barely misses you.
You tentacle-slap the gnoll.
The gnoll is heavily wounded.
You constrict the gnoll. The gnoll hits you with a +0 halberd.
You tentacle-slap the gnoll.
You squeeze the gnoll, but do no damage.
The gnoll is severely wounded.
You constrict the gnoll. The gnoll hits you with a +0 halberd!
Ouch! That really hurt!
You die...

####...## .#
#.......# .#
#.$.≈#.#≈....#
.# #..≈≈
#.#≈≈≈...# .r
..≈≈
#.#≈≈≈≈... ..
.≈≈ #.#≈≈≈≈≈.#
.≈ #.#≈≈≈≈≈..
≈
#####.#####≈≈.
#(.)hg....#
###.#####.##
#...# # ##..#
.#.# .#### ..
.. ##.


You could see a gnoll.

Vanquished Creatures
  3 gnolls
  5 endoplasms
  2 giant cockroaches
  4 goblins
  4 hobgoblins
  4 quokkas (D:1)
  3 ball pythons (D:1)
  3 bats (D:1)
  A frilled lizard (D:2)
  5 kobolds
  5 rats
39 creatures vanquished.

Notes
Turn   | Place    | Note
-------+----------+-------------------------------------------
     0 | D:1      | Bobsterar the Octopode Shapeshifter began the quest for the
                  | Orb.
     0 | D:1      | Reached XP level 1. HP: 13/13 MP: 1/1
   119 | D:1      | Found a faded altar of an unknown god.
   232 | D:1      | Reached XP level 2. HP: 18/18 MP: 2/2
   548 | D:1      | Reached XP level 3. HP: 15/23 MP: 3/3
   955 | D:2      | Found Meydwuh's Antique Weapon Emporium.
  1784 | D:3      | Reached XP level 4. HP: 27/29 MP: 4/4
  1792 | D:3      | Slain by a gnoll

Illustrated notes

Levels and vault maps discovered:
D:1:      spicycebolla_green_bress_n_ham_2, layout_basic, basic_ecumenical_altar
D:2:      layout_loops_ring, serial_forest, infiniplex_forest_lined_2,
          infiniplex_forest_clump_double, infiniplex_forest_straight_3,
          infiniplex_forest_clump_long, infiniplex_forest_lined_corner,
          infiniplex_forest_straight_2, infiniplex_forest_clump_C, serial_shops,
          nicolae_shop_gibbet_a_chance, nicolae_titane
D:3:      layout_loops_ring, grunt_decor_junction

Skill      XL: |  1  2  3 |
---------------+----------+-----
Fighting       | 2 |  2.1
Dodging        | |  2.7
Unarmed Combat | |  3.5
Shapeshifting  | |  3.4

Action                     |  1- 3 |  4- 6 || total
---------------------------+-------+-------++-------
  Melee: Unarmed           |    83 |     6 ||    89
         Tentacles         |    11 |     1 ||    12
         Constrict         |    16 |     2 ||    18
         Punch             |     3 |       ||     3
    Use: Potion            |     5 |       ||     5
   Stab: Sleeping          |     5 |       ||     5
 Armour: Skin              |    84 |     5 ||    89
  Dodge: Dodged            |    76 |     7 ||    83
   Form: Beast             |     1 |       ||     1
